AoeStats
← Technotronic

Arabian Desert

508712703Analyzed
1v1 RM · 7d ago on Sep 23, 2026· 32m 30s· 2 players
Game mode
Random Map
Map size
Tiny (2 player)
Population
200
Speed
Normal
Resources
Standard
Victory
Conquest
Starting age
Dark Age
Ending age
Imperial Age
RankedLock teamsTeams togetherTeam positionsShared explorationLock speedFull tech treeHidden civsTurbo modeCheats
Victory
Defeat
🇨🇱 Romans · Chile
1223
+16
🇦🇷 Vikings · Argentina
1229
-16
Giganton
9:39 Feudal Age
11:24 Scale Mail Armor
10:53 Man-at-Arms
21:01 Forging
26:02 Castle Age
24:35 Double-Bit Axe
24:33 Horse Collar
25:19 Gold Mining
27:11 Squires
26:32 Long Swordsman
26:32 Pikeman
27:36 Chain Mail Armor
27:56 Iron Casting
27:53 Bow Saw
28:21 Heavy Plow
30:19 Town Watch
30:54 Loom
Technotronic
7:15 Loom
9:59 Feudal Age
10:06 Man-at-Arms
12:22 Double-Bit Axe
18:50 Fletching
27:36 Castle Age
28:17 Castle Age
29:11 Squires
29:27 Horse Collar
30:32 Scale Mail Armor
32:20 Crossbowman
Connection lost

Rejoining the realm…

Still unreachable

The connection could not be restored.

Session expired

The server has moved on; the page needs a fresh start.